 Dungeon Crawl Stone Soup version 0.25-a0-949-gdd2af9e06e (webtiles) character file.

Game seed: 7169506725448093518, levelgen mode: deterministic

15192 Flugslaktarn the Cleaver (level 12, -8/97 HPs)
             Began as a Formicid Fighter on May 8, 2020.
             Was an Initiate of Gozag.
             Killed from afar by a gargoyle (20 damage)
             ... with a stone arrow
             ... on level 13 of the Dungeon.
             The game lasted 00:08:44 (15560 turns).

Flugslaktarn the Cleaver (Formicid Fighter)        Turns: 15560, Time: 00:08:45

Health: -8/97      AC: 21    Str: 25    XL:     12   Next: 54%
Magic:  12/12      EV: 12    Int:  8    God:    Gozag
Gold:   827        SH: 12    Dex: 11    Spells: 11/11 levels left

rFire    . . .     SeeInvis +   a - +5 battleaxe
rCold    . . .     Gourm    .   c - +0 kite shield
rNeg     . . .     Faith    .   i - +1 plate armour
rPois    .         Spirit   .   (helmet unavailable)
rElec    .         Reflect  .   (no cloak)
rCorr    .         Harm     .   (no gloves)
MR       +....                  (no boots)
Stlth    ..........             (no amulet)
HPRegen  0.26/turn              v - +3 ring of evasion
MPRegen  0.13/turn              p - +4 ring of protection

@: gold aura
A: permanent stasis, dig shafts and tunnels, four strong arms, antennae 3,
repulsion field 1, thin metallic scales 1, evolution 1
a: Dig, Shaft Self, Potion Petition, Call Merchant, Bribe Branch, Renounce
Religion


You were on level 13 of the Dungeon.
You worshipped Gozag.
Gozag was pleased with you.
You were not hungry.

You visited 3 branches of the dungeon, and saw 14 of its levels.

You collected 2524 gold pieces.
You spent 174 gold pieces at shops.
You paid 1523 gold pieces to Gozag.

Inventory:

Hand Weapons
 a - a +5 battleaxe (weapon)
   (You took it off a wight on level 13 of the Dungeon)
 b - a +1 hand axe of flaming
   (You took it off an orc on level 5 of the Dungeon)
Missiles
 A - a throwing net (quivered)
 D - 4 silver javelins
Armour
 c - a +0 kite shield (worn)
 i - a +1 plate armour (worn)
   (You found it on level 1 of the Dungeon)
 j - +0 swamp dragon scales
   (You took it off Maggie on level 6 of the Dungeon)
Jewellery
 f - an uncursed ring of protection from fire
   (You found it on level 3 of the Dungeon)
 m - an uncursed ring of protection from magic
   (You found it on level 1 of the Dungeon)
 p - a +4 ring of protection (right hand)
   (You found it on level 1 of the Lair of Beasts)
 v - a +3 ring of evasion (left hand)
   (You found it on level 7 of the Dungeon)
Scrolls
 h - 4 scrolls of enchant armour
 l - 2 scrolls of fear
 r - 2 scrolls of identify
 t - a scroll of fog
 u - 2 scrolls of magic mapping
 x - 2 scrolls of remove curse
 y - a scroll of immolation
Potions
 d - 3 potions of might
 g - 3 potions of flight
 n - 2 potions of resistance
 o - a potion of stabbing
 z - 3 potions of mutation
 B - a potion of lignification
 E - a potion of cancellation
Comestibles
 e - 5 rations


   Skills:
 + Level 10.2 Fighting
 * Level 12.3 Axes
 + Level 10.2 Armour
 + Level 11.0 Shields


You had 11 spell levels left.
You didn't know any spells.
Your spell library was empty.

Dungeon Overview and Level Annotations

Branches:
Dungeon (13/15)            Temple (1/1) D:4            Lair (1/6) D:8
    Orc: D:9-12      Vaults: D:13-14

Altars:
Ashenzari
Cheibriados
Dithmenos
Elyvilon
Fedhas
Gozag
Hepliaklqana
Kikubaaqudgha
Makhleb
Nemelex Xobeh
Okawaru
Qazlal
Ru
Sif Muna
Trog
Uskayaw
Vehumet
Wu Jian
Xom
Yredelemnul
Zin
The Shining One

Shops:
D:5 *   D:6 ?   D:8 [   Lair:1 =[


Innate Abilities, Weirdness & Mutations

You cannot be hasted, slowed, berserked, paralysed or teleported.
You can dig through walls and to a lower floor.
Your four strong arms can wield two-handed weapons with a shield.
You have a pair of large antennae on your head. (SInv)
You are surrounded by a mild repulsion field. (EV +2)
You are partially covered in thin metallic scales. (AC +2)
You evolve.


Message History

Unknown command.
Your plate armour prevents you from hitting the deep elf mage.
The deep elf mage is almost dead.
You hit the demonic crawler but do no damage.
You slash the hell rat! You slash the tarantella!
You kill the tarantella!
The tarantella's corpse disappears in a puff of smoke!
You slash the gargoyle!
The gargoyle hurls a stone arrow at you.
The stone arrow hits you!
* * * LOW HITPOINT WARNING * * *
You block the hell rat's attack. The deep elf mage barely misses you.
The demonic crawler closely misses you.
The demonic crawler hits you but does no damage.
You block the demonic crawler's attack.
You feel better.
The gargoyle hurls a stone arrow at you.
The stone arrow hits you!!
You die...
Your body crumbles into a pile of gold.

#.............................###
#..........=...((()(..........###
#..#.......).^...................
..##/....#.......................
........#...................##...
.......##..................###..#
........#.......r.##.........#...
...........[...esr.............^.
###....#.......r@........###..#..
#..)#.#......9$$._...### ######
#...#.#...............(#
#.....)..............###
#................##.##
##..####.[.########## ####
#.....# #.....# #.....#


You could see a demonic crawler, a deep elf mage, a gargoyle and 3 hell rats.

Vanquished Creatures
  Erolcha (D:9)
  A two-headed ogre (D:13)
  2 cyclopes (D:13)
  A centaur zombie (D:12)
  2 spiny frogs (Lair:1)
  Maggie (D:6)
  2 gargoyles (D:13)
  A komodo dragon (Lair:1)
  3 trolls
  3 hippogriffs
  4 slime creatures (D:13)
  A wraith (D:13)
  11 yaks
  A vampire (D:13)
  A water elemental (D:13)
  A basilisk (Lair:1)
  2 hungry ghosts
  2 wargs (D:8)
  4 water moccasins
  A porcupine (Lair:1)
  6 orc warriors
  An ice beast (D:13)
  3 phantoms
  2 sky beasts
  2 black bears
  3 necrophages (D:7)
  5 ogres
  10 centaurs
  4 wolves (Lair:1)
  2 big kobolds
  5 bullfrogs
  2 scorpions
  A water moccasin skeleton (D:7)
  7 killer bees
  16 wights
  3 electric eels
  3 howler monkeys (D:9)
  3 crimson imps
  2 bullfrog zombies
  6 hounds
  A quasit (D:8)
  3 orc priests
  A centaur skeleton (D:5)
  A jelly (D:13)
  A bullfrog skeleton (D:9)
  2 iguanas (D:7)
  5 worker ants
  8 orc wizards
  2 mummies (D:7)
  3 howler monkey zombies
  6 gnolls
  6 adders
  3 shadow imps
  2 oozes (D:1)
  An adder zombie (D:7)
  3 adder skeletons
  2 worms
  4 dart slugs
  3 leopard geckos
  38 orcs
  2 ball pythons
  3 bats
  5 giant cockroaches
  8 goblins
  7 hobgoblins
  2 jackals (D:5)
  5 quokkas
  6 frilled lizards
  A jackal skeleton (D:8)
  21 kobolds
  2 quokka skeletons
  4 rats
  A plant (D:13)
293 creatures vanquished.

Vanquished Creatures (others)
  A plant (D:13)
1 creature vanquished.

Grand Total: 294 creatures vanquished

Notes
Turn   | Place    | Note
-------+----------+-------------------------------------------
     0 | D:1      | Flugslaktarn the Formicid Fighter began the quest for the
                  | Orb.
     0 | D:1      | Reached XP level 1. HP: 18/18 MP: 1/1
    27 | D:1      | Reached XP level 2. HP: 24/24 MP: 2/2
   443 | D:1      | Reached XP level 3. HP: 29/29 MP: 3/3
  1442 | D:2      | Reached XP level 4. HP: 37/37 MP: 4/4
  1447 | D:2      | Found a snail-covered altar of Cheibriados.
  1458 | D:2      | Reached skill level 3 in Axes
  2004 | D:3      | Noticed a big kobold
  2268 | D:2      | Killed a big kobold
  2268 | D:2      | Reached XP level 5. HP: 20/42 MP: 5/5
  3089 | D:3      | Reached XP level 6. HP: 48/48 MP: 6/6
  3304 | D:3      | Reached skill level 4 in Axes
  3640 | D:4      | Found a staircase to the Ecumenical Temple.
  3685 | Temple   | Entered the Ecumenical Temple
  3966 | Temple   | Became a worshipper of Gozag Ym Sagoz the Greedy
  4147 | D:4      | Noticed a phantom
  4187 | D:4      | Killed a phantom
  4187 | D:4      | Reached skill level 5 in Shields
  4187 | D:4      | Reached XP level 7. HP: 34/55 MP: 7/7
  4721 | D:5      | Entered Level 5 of the Dungeon
  4846 | D:5      | Noticed a water moccasin
  4857 | D:5      | Killed a water moccasin
  4857 | D:5      | Reached skill level 5 in Fighting
  4857 | D:5      | Reached skill level 5 in Axes
  5140 | D:5      | Reached skill level 5 in Armour
  5354 | D:5      | Gained mutation: You evolve. [potion of mutation]
  5354 | D:5      | Gained mutation: You are partially covered in thin metallic
                  | scales. (AC +2) [potion of mutation]
  5389 | D:5      | Reached XP level 8. HP: 60/62 MP: 8/8
  5493 | D:5      | Found an iron altar of Okawaru.
  5539 | D:5      | Found Bushofoa's Elemental Accessories.
  5812 | D:6      | Reached skill level 6 in Axes
  6030 | D:6      | Noticed Maggie
  6058 | D:6      | Killed Maggie
  6266 | D:6      | Found Cargheenk's Magic Scroll Shoppe.
  6274 | D:6      | Bought a scroll of fear for 42 gold pieces
  6274 | D:6      | Bought a scroll of magic mapping for 42 gold pieces
  6277 | D:6      | You fall into a shaft and drop 2 floors!
  6307 | D:8      | Reached XP level 9. HP: 55/69 MP: 9/9
  6327 | D:7      | Reached skill level 7 in Axes
  6998 | D:7      | Reached skill level 8 in Axes
  7585 | D:6      | Reached XP level 10. HP: 79/79 MP: 10/10
  7797 | D:6      | Bought a scroll of enchant armour for 90 gold pieces
  8128 | D:8      | Found Eqash's Armour Boutique.
  8547 | D:8      | Reached skill level 9 in Axes
  8607 | D:8      | Found a staircase to the Lair.
  9660 | D:9      | Reached skill level 10 in Axes
  9678 | D:9      | Reached XP level 11. HP: 64/87 MP: 11/11
  9989 | D:9      | Gained mutation: You are surrounded by a mild repulsion
                  | field. (EV +2) [evolution]
 10422 | D:9      | Noticed Erolcha
 10437 | D:9      | Killed Erolcha
 10559 | D:10     | Entered Level 10 of the Dungeon
 11677 | D:10     | Noticed a four-headed hydra
 11758 | Lair:1   | Entered Level 1 of the Lair of Beasts
 11794 | Lair:1   | Reached skill level 11 in Axes
 11964 | Lair:1   | Noticed a seven-headed hydra
 12079 | Lair:1   | Reached skill level 10 in Shields
 13213 | D:10     | You fall into a shaft and drop 3 floors!
 13748 | D:13     | Found a burning altar of Makhleb.
 13758 | D:13     | Noticed a cyclops
 13772 | D:13     | Killed a cyclops
 13772 | D:13     | Reached XP level 12. HP: 27/97 MP: 12/12
 14861 | D:13     | Noticed a two-headed ogre
 14871 | D:13     | Killed a two-headed ogre
 14871 | D:13     | Reached skill level 10 in Fighting
 14871 | D:13     | Reached skill level 12 in Axes
 15017 | D:13     | Reached skill level 10 in Armour
 15559 | D:13     | HP: 2/97 [gargoyle/stone arrow (14)]
 15560 | D:13     | Killed from afar by a gargoyle

Levels and vault maps discovered:
D:1:      onia_arrival_handbag, layout_rooms, roderic_lattice_a,
          nrook_mini_backslash
D:2:      layout_basic, kennysheep_slug_shrine, first_ration
D:3:      cheibrodos_thug_alley, layout_loops_ring, grunt_decor_resistance,
          hex_tiny, minmay_misc_feat_encased, kennysheep_generic_room_15
D:4:      layout_loops_ring, minmay_temple_entry_drinking_statues
D:5:      layout_loops_ring, old_standard_altar, nicolae_elemental_shop
D:6:      layout_cave_pools, serial_shops,
          nicolae_shop_competitors_out_of_business, corner_web_ring, uniq_maggie
D:7:      layout_rooms, serial_undead, serial_undead_d, serial_undead_d,
          serial_undead_d, serial_undead_c, serial_undead_f, serial_undead_a,
          serial_undead_b, serial_undead_c, serial_undead_b, serial_undead_b
D:8:      layout_cave_pods, erik_lair_orcish_takeover, serial_shops, shop
D:9:      layout_long_grid, grunt_ogre_cave, uniq_erolcha
D:10:     layout_long_grid, erik_orc_2
D:12:     layout_rooms, gauntlet_entry_generic, minivault_28
D:13:     minmay_skewed_foursquare, layout_cave_pools, basic_altar,
          serial_bayou, serial_bayou_pond_a, serial_bayou_lagoon_a,
          serial_bayou_shore_b, serial_bayou_pond_a
Temple:   regret_index_temple_chain_breaker
Lair:1:   layout_regular_city, grunt_megastairs_3

Skill      XL: |  1  2  3  4  5  6  7  8  9 10 11 12 |
---------------+-------------------------------------+-----
Shields        | 4 5 6 7 9 10 11 | 11.0
Axes           | 3 4 5 6 8 10 11 12 | 12.3
Fighting       | 4 5 6 7 8 9 10 | 10.2
Armour         | 4 5 6 7 8 9 10 | 10.2

Action                   |  1- 3 |  4- 6 |  7- 9 | 10-12 || total
-------------------------+-------+-------+-------+-------++-------
Melee: War axe           |    83 |   209 |   253 |   415 ||   960
       Battleaxe         |       |       |       |    66 ||    66
Invok: Potion Petition   |       |       |       |     1 ||     1
       Call Merchant     |       |       |       |     2 ||     2
 Abil: Shaft Self        |       |       |       |     1 ||     1
  Use: Scroll            |     2 |       |     9 |     7 ||    18
       Potion            |       |       |     3 |     7 ||    10
 Stab: Distracted        |       |       |     2 |     3 ||     5
  Eat: Chunk             |     2 |     7 |       |       ||     9
       Ration            |       |     1 |     4 |     8 ||    13
Armor: Scale mail        |     3 |       |       |       ||     3
       Plate armour      |    33 |   122 |   116 |   229 ||   500
Dodge: Dodged            |    11 |    51 |    65 |   237 ||   364
Block: Kite shield       |    45 |   113 |   142 |   350 ||   650

Table legend:
 A = Non-vault XP
 B = Vault XP
 C = Vault XP percentage of total XP
 D = Non-vault monster count
 E = Vault monster count
 F = Vault count percentage of total count
                 A         B        C        D         E       F
            +---------+---------+-------+---------+---------+-------
      Total |   16229 |    5474 |  25.2 |     227 |      65 |  22.3
            +---------+---------+-------+---------+---------+-------
        D:1 |      12 |      17 |  58.6 |       8 |       4 |  33.3
        D:2 |      44 |     106 |  70.7 |      19 |       3 |  13.6
        D:3 |      99 |      12 |  10.8 |      20 |       8 |  28.6
        D:4 |     369 |       0 |   0.0 |      18 |       0 |   0.0
        D:5 |     433 |       0 |   0.0 |      16 |       0 |   0.0
        D:6 |     454 |     409 |  47.4 |       9 |       1 |  10.0
        D:7 |    1163 |     721 |  38.3 |      32 |      13 |  28.9
        D:8 |    1120 |     563 |  33.5 |      12 |       7 |  36.8
        D:9 |    3422 |    1239 |  26.6 |      34 |       4 |  10.5
       D:10 |     796 |     561 |  41.3 |      15 |      17 |  53.1
       D:12 |     612 |       0 |   0.0 |       3 |       0 |   0.0
       D:13 |    5663 |    1546 |  21.4 |      31 |       6 |  16.2
     Lair:1 |    2042 |     300 |  12.8 |      10 |       2 |  16.7
            +---------+---------+-------+---------+---------+-------
